 Dungeon Crawl Stone Soup version 0.29-a0-284-gf9362112df (webtiles) character file.

Game seed: 6602925356216038232

11 sylnyx the Skirmisher (level 2, -3/24 HPs)
             Began as a Demonspawn Monk on Mar 23, 2022.
             Slain by a crimson imp (4 damage)
             ... summoned by Natasha
             ... on level 2 of the Dungeon.
             The game lasted 00:02:17 (902 turns).

sylnyx the Skirmisher (Demonspawn Monk)              Turns: 902, Time: 00:02:17

Health: -3/24      AC:  2    Str: 11    XL:     2   Next: 17%
Magic:  2/2        EV: 11    Int: 11    God:
Gold:   27         SH:  9    Dex: 15    Spells: 1/1 levels left

rFire   . . .      SeeInvis .   a - +0 spear
rCold   . . .      Faith    .   j - +2 kite shield
rNeg    . . .      Spirit   .   b - +0 robe
rPois   .          Reflect  .   (no helmet)
rElec   .          Harm     .   (no cloak)
rCorr   .          Rampage  .   (no gloves)
Will    .....                   (no boots)
Stlth   ++........              (no amulet)
HPRegen 0.08/turn               (no ring)
MPRegen 0.08/turn               (no ring)

@: slowed, very slow
A: demonic magic 1
a: no special abilities


You were on level 2 of the Dungeon.
You visited 1 branch of the dungeon, and saw 2 of its levels.

You collected 27 gold pieces.

Inventory:

Hand Weapons
 a - a +0 spear (weapon)
Armour
 b - a +0 robe (worn)
 j - a +2 kite shield (worn)
Jewellery
 f - a ring of protection from cold
Scrolls
 d - a scroll of fog {unknown}
 e - a scroll of noise {unknown}
 g - a scroll of brand weapon {unknown}
 i - a scroll of holy word {unknown}
Potions
 c - a potion of ambrosia
 h - a potion of flight {unknown}


   Skills:
 + Level 3.3 Fighting
 + Level 2.8 Polearms
 + Level 2.7 Dodging
 + Level 1.7 Stealth
 * Level 0.2 Spellcasting


You had one spell level left.
You didn't know any spells.
Your spell library contained the following spells:

 Spells                   Type           Power      Damage    Failure   Level
 Sting                    Tmut/Pois      0%         1d3       78%         1
 Poisonous Vapours        Pois/Air       0%         N/A       89%         2
 Olgreb's Toxic Radiance  Pois           0%         N/A       100%        4


Dungeon Overview and Level Annotations

Branches:
Dungeon (2/15)

Altars:

Shops:
D:1 (

Annotations:
D:2 Natasha


Innate Abilities, Weirdness & Mutations

Spells you cast may paralyse adjacent enemies.


Message History

You start putting on your armour.
You continue putting on your +2 kite shield. x4
You finish putting on your +2 kite shield.
HP restored.
Natasha, Servant of Life and Death comes into view.
Found a book of Conjurations.
Natasha hisses angrily.
Natasha mumbles some strange words.
You feel troubled. Natasha casts a spell at you. The magic dart hits you.
Found a scroll labelled ANNYRE YLUARR.
Natasha stares at you and mumbles some strange words.
The magic dart hits you!
You reach to attack!
You completely miss Natasha.
Natasha casts a spell.
Natasha casts a spell at you.
You feel yourself slow down.
You reach to attack!
You closely miss Natasha. Natasha claws you but does no damage.
You barely miss Natasha. Natasha completely misses you.
You closely miss the crimson imp.
Natasha mumbles some strange words.
You feel disoriented. You block Natasha's attack.
You block the crimson imp's attack.
Natasha mumbles some strange words.
You block the crimson imp's attack.
You closely miss the crimson imp. You block Natasha's attack.
You block the crimson imp's attack. Natasha claws you!
* * * LOW HITPOINT WARNING * * *
The crimson imp closely misses you.
You are too injured to fight recklessly!
You are too injured to fight recklessly!
The crimson imp blinks!
Natasha casts a spell at you. The magic dart hits you.
* * * LOW HITPOINT WARNING * * *
You hit the crimson imp.
The crimson imp is lightly wounded.
The crimson imp hits you.
You die...

#.......#
#.......#
#####.### #.# ##+
#.####### #..
#........
#.########........
#5.......#........
#@######.#........
#5# #.#.#######
.......h§# #.#.#
...?.....# #.#.#
.........#
#.#.#######
...:.....#
#.#........
#####.#+##
#.#..###### #.
#.#..# #. #.#..#


You could see Natasha and 2 crimson imps.

Vanquished Creatures
  2 endoplasms (D:1)
  A giant cockroach (D:1)
  A goblin (D:1)
  2 hobgoblins
  2 kobolds (D:1)
  A frilled lizard (D:1)
  A rat (D:1)
10 creatures vanquished.

Notes
Turn   | Place    | Note
-------+----------+-------------------------------------------
     0 | D:1      | sylnyx the Demonspawn Monk began the quest for the Orb.
     0 | D:1      | Reached XP level 1. HP: 18/18 MP: 1/1
   255 | D:1      | Found Wemefirar's Weapon Shop.
   405 | D:1      | Gained mutation: Spells you cast may paralyse adjacent
                  | enemies. [demonic ancestry]
   405 | D:1      | Reached XP level 2. HP: 24/24 MP: 2/2
   893 | D:2      | Noticed Natasha
   897 | D:2      | Noticed a crimson imp
   900 | D:2      | Noticed a crimson imp
   901 | D:2      | HP: 1/24 [Natasha/magic dart (6)]
   902 | D:2      | Slain by a crimson imp

Illustrated notes

Levels and vault maps discovered:
D:1:      dpeg_arrival_simpleton_c, layout_basic, serial_shops,
          nicolae_shop_bloodbath_and_beyond
D:2:      layout_basic, hellmonk_ecumenical_altar_slurped_away, uniq_natasha

Action                   || total
-------------------------++-------
Melee: Spear             ||    38
 Stab: Sleeping          ||     3
Armor: Robe              ||     4
Dodge: Dodged            ||    13
Block: Kite shield       ||     5

Table legend: (Time is in decaauts)
 A = Elapsed time spent in this place.
 B = Non-inter-level travel time spent in this place.
 C = Inter-level travel time spent in this place.
 D = Time resting spent in this place.
 E = Time spent auto-exploring this place.
 F = Levels seen in this place.
 G = Mean time per level.
                   A        B        C        D        E       F      G
               +--------+--------+--------+--------+--------+-----+--------+
         Total |    904 |    893 |     11 |      0 |    773 |   2 |  452.0 |
       Dungeon |    904 |    893 |     11 |      0 |    773 |   2 |  452.0 |
               +--------+--------+--------+--------+--------+-----+--------+

Top non-repeatable levels by time:
     D:1: 773 daAuts
     D:2: 131 daAuts
